 Dungeon Crawl Stone Soup version 0.28.0-47-ge53b351184 (console) character file.

Game seed: 10410939985195857335

204 Faeu the Shield-Bearer (level 5, -7/47 HPs)
             Began as a Minotaur Fighter on May 2, 2022.
             Killed by nerve-wracking pain
             ... invoked by an orc priest
              (13 damage)
             ... on level 5 of the Dungeon.
             The game lasted 00:01:47 (1489 turns).

Faeu the Shield-Bearer (Minotaur Fighter)           Turns: 1489, Time: 00:01:48

Health: -7/47      AC:  7    Str: 22    XL:     5   Next: 52%
Magic:  4/4        EV:  9    Int:  5    God:
Gold:   57         SH:  5    Dex: 10    Spells: 4/4 levels left

rFire   . . .      SeeInvis .   a - +0 war axe {axe}
rCold   . . .      Faith    .   c - +0 buckler
rNeg    . . .      Spirit   .   b - +0 scale mail
rPois   .          Reflect  .   (helmet restricted)
rElec   .          Harm     .   (no cloak)
rCorr   .          Rampage  .   (no gloves)
Will    .....                   (no boots)
Stlth   ..........              (no amulet)
HPRegen 0.15/turn               (no ring)
MPRegen 0.09/turn               (no ring)

@: no status effects
A: horns 2, retaliatory headbutt
a: no special abilities


You were on level 5 of the Dungeon.
You visited 1 branch of the dungeon, and saw 4 of its levels.

You collected 57 gold pieces.


Innate Abilities, Weirdness & Mutations

You have a pair of horns on your head.
You reflexively headbutt those who attack you in melee.


   Skills:
 + Level 4.9 Fighting
 + Level 4.1 Axes
 + Level 4.9 Armour
 + Level 4.9 Shields


You had 4 spell levels left.
You didn't know any spells.
Your spell library was empty.

Inventory:

Hand Weapons
 a - a +0 war axe (weapon) {axe}
Armour
 b - a +0 scale mail (worn)
 c - a +0 buckler (worn)
Scrolls
 g - a scroll of teleportation {unknown}
 h - a scroll of silence {unknown}
 j - a scroll of magic mapping {unknown}
Potions
 d - a potion of might
 e - 2 potions of attraction {unknown}
 f - a potion of haste {unknown}
 i - 2 potions of heal wounds {unknown}

Dungeon Overview and Level Annotations

Branches:
Dungeon (3/15)

Altars:

Shops:
D:1 [ D:2

:=[ #.#####
#...@.# #####.#
#o# #o# #.# #g#
#)# ########.#
#o.......#
.###.#...#######.
#.............


You could see an orc priest, a gnoll and an orc.


Message History

The shaft crumbles and collapses.
A gnoll comes into view. It is wielding a +0 halberd.
The gnoll hits you with a +0 halberd. 😕 HP[-6]
You take 6 damage, and now have 41/47 hp.
You barely miss the gnoll. The gnoll hits you but does no damage.
The gnoll hits you with a +0 halberd. 😕 HP[-1]
You take 1 damage, and now have 40/47 hp.
You hit the gnoll but do no damage. The gnoll completely misses you.
You closely miss the gnoll. The gnoll barely misses you.
You furiously retaliate!
You headbutt the gnoll. You slash the gnoll!
You kill the gnoll! 😕 HP[+1]
You see here a +0 halberd {polearm}. 😕 HP[+1] HP restored. 2 gnolls come into view.
The gnoll shouts! x2; You hear a shout! x3 😎 HP[+5]
An orc wizard comes into view. It is wielding a +0 dagger.
The gnoll hits you but does no damage.
You hit the gnoll but do no damage. The gnoll hits you with a +0 spear.
You block the gnoll's attack. 😕 HP[-5]
You take 5 damage, and now have 42/47 hp.
You barely miss the gnoll.
The gnoll hits you but does no damage. 😕 HP[+1]
You barely miss the gnoll.
The orc wizard casts a spell.
The orc wizard flickers and vanishes!
Deactivating autopickup; reactivate with Ctrl-A.
You block the gnoll's attack.
An orc priest comes into view. It is wielding a +0 hand axe.
You slash the gnoll! Your headbutt misses the gnoll.
The gnoll barely misses you.
The gnoll hits you with a +0 spear. 😕 HP[-1]
You take 1 damage, and now have 42/47 hp.
You slash the gnoll!
You kill the gnoll!
The gnoll hits you but does no damage.
You hit the gnoll. The gnoll closely misses you. You furiously retaliate!
You headbutt the gnoll.
An orc comes into view.
It is wielding a +0 hand axe of electrocution.
You barely miss the gnoll.
The orc shouts!
You hear a shout!
The gnoll hits you with a +0 club.
You hit the gnoll. Your headbutt misses the gnoll.
The gnoll hits you with a +0 club.
An orc comes into view. It is wielding a +0 flail.
The gnoll hits you with a +0 club. 😕 HP[-3]
You take 3 damage, and now have 39/47 hp.
You barely miss the gnoll.
The orc shouts!
You headbutt the gnoll.
You kill the gnoll!
An orc comes into view. It is wielding a +0 club.
The orc priest invokes the aid of Beogh against you.
Beogh smites you! Something hits you but does no damage.
Your Axes skill increases to level 4! 😮 HP[-13]
You take 13 damage, and now have 26/47 hp.
MASSIVE DAMAGE!! (PAUSE)
You closely miss something. Something hits you but does no damage.
You closely miss something. Your headbutt misses something.
A gnoll comes into view. It is wielding a +0 club.
Something hits you but does no damage.
You hit something.
The orc priest invokes the aid of Beogh against you.
Beogh smites you!
* * * LOW HITPOINT WARNING * * *
Something hits you but does no damage. x2
You miss something. Your headbutt misses something.
The orc priest looks braver for a moment.
You hear some strange, mumbled words.
Something tries to affect you, but you resist. 😨 HP[-12]
You take 12 damage, and now have 14/47 hp.
MASSIVE DAMAGE!! (PAUSE)
You barely miss something. Your headbutt misses something.
Something hits you but does no damage.
You slash something!
Reactivating autopickup.
You feel a bit more experienced.
The orc priest invokes the aid of Beogh against you.
Beogh smites you!
* * * LOW HITPOINT WARNING * * *
You barely miss the orc. You headbutt the orc.
You kill the orc! 😱 HP[-9]
You take 9 damage, and now have 5/47 hp.
You slash the orc!
You kill the orc! 😱 HP[+1]
You see here a +0 halberd {polearm}.
The orc priest calls down the wrath of Beogh upon you.
Pain shoots through your body!
You die...

Skill      XL: |  1  2  3  4  5 |
---------------+----------------+-----
Armour         | 4 |  4.9
Fighting       | 4 |  4.9
Shields        | 4 |  4.9
Axes           | 3 4 |  4.1

Action                   |  1- 3 |  4- 6 || total
-------------------------+-------+-------++-------
Melee: War axe           |    72 |    51 ||   123
       Headbutt          |     6 |     4 ||    10
Armor: Scale mail        |    38 |    26 ||    64
Dodge: Dodged            |    40 |    23 ||    63
Block: Buckler           |    13 |    13 ||    26

Levels and vault maps discovered:
D:1:      lemuel_arrival_cross, layout_basic, serial_shops, shop_fountains
D:2:      layout_basic, serial_shops, nicolae_shop_bloodbath_and_beyond,
          nicolae_shop_stone, nicolae_shop_stone, shop, shop,
          shapermc_ecumenical_altar_rom_forum, minivault_27, grunt_ministairs_2,
          uniq_terence
D:3:      layout_loops_corners, serial_shops, shop, shop
D:5:      layout_loops_ring, minmay_temple_entry_proselytizer

Notes
Turn   | Place    | Note
-------+----------+-------------------------------------------
     0 | D:1      | Faeu the Minotaur Fighter began the quest for the Orb.
     0 | D:1      | Reached XP level 1. HP: 19/19 MP: 0/0
     0 | D:1      | magus.rc [v1.9.6]
   134 | D:1      | Reached XP level 2. HP: 24/27 MP: 1/1
   322 | D:1      | Reached skill level 4 in Armour
   350 | D:1      | Reached skill level 4 in Fighting
   350 | D:1      | Reached skill level 4 in Shields
   368 | D:1      | Reached skill level 3 in Axes
   500 | D:1      | Found Huabihue's Armour Shoppe.
   561 | D:1      | Reached XP level 3. HP: 33/33 MP: 2/2
   864 | D:2      | Found Soju's Antique Armour Emporium.
  1003 | D:2      | Noticed a necrophage
  1017 | D:2      | Killed a necrophage
  1018 | D:2      | Reached XP level 4. HP: 37/41 MP: 3/3
  1113 | D:2      | Found Utseta's Book Boutique.
  1114 | D:2      | Found Fat Notz's Jewellery Shop.
  1228 | D:3      | Reached XP level 5. HP: 44/46 MP: 4/4
  1393 | D:3      | You fall into a shaft and drop 2 floors!
  1393 | D:5      | Entered Level 5 of the Dungeon
  1477 | D:5      | Reached skill level 4 in Axes
  1482 | D:5      | HP: 5/47 [orc priest/divine providence (9)]
  1489 | D:5      | Killed from afar by an orc priest

Vanquished Creatures
  A necrophage (D:2)
  An orc wizard (D:5)
  4 gnolls
  A dart slug (D:3)
  3 orcs
  7 ball pythons
  2 endoplasms
  4 giant cockroaches (D:1)
  2 goblins (D:1)
  3 hobgoblins
  3 jackals (D:3)
  3 kobolds (D:1)
  2 quokkas (D:1)
  6 bats
  2 frilled lizards (D:2)
  8 rats
52 creatures vanquished.

Table legend:
 A = Non-vault XP
 B = Vault XP
 C = Vault XP percentage of total XP
 D = Non-vault monster count
 E = Vault monster count
 F = Vault count percentage of total count
                 A         B        C        D         E       F
            +---------+---------+-------+---------+---------+-------
      Total |     292 |       0 |   0.0 |      52 |       0 |   0.0
            +---------+---------+-------+---------+---------+-------
        D:1 |      43 |       0 |   0.0 |      25 |       0 |   0.0
        D:2 |     142 |       0 |   0.0 |       8 |       0 |   0.0
        D:3 |      23 |       0 |   0.0 |      13 |       0 |   0.0
        D:5 |      84 |       0 |   0.0 |       6 |       0 |   0.0
            +---------+---------+-------+---------+---------+-------

Illustrated notes

Table legend:
 A = Kills in this place as a percentage of kills in entire the game.
 B = Kills by you in this place as a percentage of kills by you in the entire game.
 C = Kills by friends in this place as a percentage of kills by friends in the entire game.
 D = Other kills in this place as a percentage of other kills in the entire game.
 E = Experience gained in this place as a percentage of experience gained in the entire game.
 F = Experience gained in this place divided by the number of levels of this place that you have seen.
                   A       B       C       D       E      F
               +-------+-------+-------+-------+-------+----------------------
         Total | 100.0 | 100.0 |   N/A |   N/A | 100.0 |  73.0
       Dungeon | 100.0 | 100.0 |   N/A |   N/A | 100.0 |  73.0
               +-------+-------+-------+-------+-------+----------------------

Table legend: (Time is in decaauts)
 A = Elapsed time spent in this place.
 B = Non-inter-level travel time spent in this place.
 C = Inter-level travel time spent in this place.
 D = Time resting spent in this place.
 E = Time spent auto-exploring this place.
 F = Levels seen in this place.
 G = Mean time per level.
                   A        B        C        D        E       F      G
               +--------+--------+--------+--------+--------+-----+--------+
         Total |   1534 |   1511 |     23 |      0 |   1158 |   4 |  383.5 |
       Dungeon |   1534 |   1511 |     23 |      0 |   1158 |   4 |  383.5 |
               +--------+--------+--------+--------+--------+-----+--------+

Top non-repeatable levels by time:
     D:1: 845 daAuts
     D:2: 332 daAuts
     D:3: 253 daAuts
     D:5: 103 daAuts
